 Dungeon Crawl Stone Soup version 0.29.1 (webtiles) character file.

Game seed: 12549249683656862741

113746 Renzlar the Blocker (level 16, -7/107 (130) HPs)
             Began as a Gnoll Fighter on Sept 12, 2022.
             Was the Champion of Okawaru.
             Mangled by a golden dragon simulacrum (9 damage)
             ... in an ice cave on Sept 13, 2022.
             The game lasted 02:56:01 (32306 turns).

Renzlar the Blocker (Gnoll Fighter)                Turns: 32306, Time: 02:56:02

HP:   -7/107 (130)  AC: 23    Str: 31      XL:     16   Next: 64%
MP:   31/31         EV: 15    Int:  7 (9)  God:    Okawaru [******]
Gold: 888           SH:  9    Dex: 11      Spells: 9/37 levels left

rFire   + . .      SeeInvis .   d - +12 long sword "Xes Opri" {flame, *Noise rPois Str+4 Stlth+}
rCold   + + .      Faith    .   n - +2 buckler {AC+3}
rNeg    . . .      Spirit   .   y - +1 ring mail {rPois}
rPois   +          Reflect  .   b - +1 helmet {Int+3}
rElec   +          Harm     .   K - +1 cloak "Ipleocw" {+Inv rF++}
rCorr   .          Rampage  .   x - +2 pair of gloves "Vockutec" {*Slow rPois Regen+ Int-5}
Will    +....                   s - +1 pair of boots
Stlth   +++++.....              P - amulet of Rumuxape {RegenMP rElec rC+}
HPRegen 1.07/turn               E - ring of ice
MPRegen 0.62/turn               f - +6 ring of strength

@: very slightly contaminated, heavily drained
A: fangs 1, strong nose, distributed training, screaming 1
a: Renounce Religion, Evoke Invisibility, Heroism, Finesse, Duel


You were in an ice cave.
You worshipped Okawaru.
Okawaru was exalted by your worship.
You visited 4 branches of the dungeon, and saw 22 of its levels.
You also visited: Ice Cave.

You collected 3573 gold pieces.
You spent 2685 gold pieces at shops.

Inventory:

Hand Weapons
 a - the +3 war axe "Tahemp" {venom, Dex+2}
   (You found it on level 1 of the Lair of Beasts)

   It poisons the flesh of those it strikes.
   Dex:       It affects your dexterity (+2).
 c - a +0 sling
 d - the +12 long sword "Xes Opri" (weapon) {flame, *Noise rPois Str+4 Stlth+}
   (You took it off a skeletal warrior on level 13 of the Dungeon)

   It burns those it strikes, dealing additional fire damage.
   Big, fiery blades are also staple armaments of hydra-hunters.
   Str:       It affects your strength (+4).
   rPois:     It protects you from poison.
   *Noise:    It may make noises in combat.
   Stlth:     It makes you more stealthy.
 e - a +4 vampiric war axe
 m - a +1 broad axe of freezing
 v - a +2 flail of holy wrath
 z - the +7 flail of Hacking and Slashing {venom, rN+ Will+}
   (You bought it in a shop on level 1 of the Dungeon)

   It poisons the flesh of those it strikes.
   rN:        It protects you from negative energy.
   Will:      It increases your willpower.
 M - a +2 dagger of speed
 R - the +9 hand axe "Beetlebane" {vorpal, Contam rN+++ rCorr SInv}
   (You bought it in a shop on level 2 of the Orcish Mines)

   It inflicts extra damage upon your enemies.
   rN:        It renders you almost immune to negative energy.
   SInv:      It lets you see invisible.
   Contam:    It causes magical contamination when unequipped.
   rCorr:     It protects you from acid and corrosion.
Missiles
 r - 13 javelins (quivered)
 G - 37 poisoned darts
 S - a curare-tipped dart
Armour
 b - a +1 helmet of intelligence (worn)
 n - a +2 buckler of protection (worn)
 s - a +1 pair of boots (worn)
 u - a +2 pair of gloves
 x - the +2 pair of gloves "Vockutec" (worn) {*Slow rPois Regen+ Int-5}
   (Okawaru gifted it to you on level 5 of the Lair of Beasts)

   Int:       It affects your intelligence (-5).
   rPois:     It protects you from poison.
   Regen:     It increases your rate of health regeneration.
   *Slow:     It may slow you when you take damage.
 y - a +1 ring mail of poison resistance (worn)
 K - the +1 cloak "Ipleocw" (worn) {+Inv rF++}
   (Okawaru gifted it to you on level 3 of the Lair of Beasts)

   rF:        It greatly protects you from fire.
   +Inv:      It lets you turn invisible.
Jewellery
 f - a +6 ring of strength (right hand)
 g - a +6 ring of strength
 q - a ring of poison resistance
 E - a ring of ice (left hand)
 L - a ring of protection from cold
 P - the amulet of Rumuxape (around neck) {RegenMP rElec rC+}
   (You found it on level 1 of the Orcish Mines)

   [amulet of magic regeneration]

   It increases your rate of magic regeneration.
   rC:        It protects you from cold.
   rElec:     It insulates you from electricity.
Wands
 o - a wand of iceblast (8)
 w - a wand of flame (38)
 N - a wand of light (6)
Scrolls
 i - 5 scrolls of poison
 l - 13 scrolls of teleportation
 A - 5 scrolls of magic mapping
 J - 6 scrolls of identify
 O - a scroll of fear
 Q - a scroll of enchant armour
 T - a scroll of enchant weapon
Potions
 h - 5 potions of curing
 j - 4 potions of lignification
 k - a potion of mutation
 p - 2 potions of flight
 t - 4 potions of ambrosia
 B - 2 potions of might
 C - 5 potions of resistance
 D - 4 potions of cancellation
 F - 2 potions of magic
 H - 2 potions of haste


   Skills:
 + Level 13.1 Fighting
 + Level 11.4 Short Blades
 + Level 11.4 Long Blades
 + Level 12.3 Axes
 + Level 11.4 Maces & Flails
 + Level 11.4 Polearms
 + Level 11.4 Staves
 + Level 11.4 Ranged Weapons
 + Level 11.4 Throwing
 + Level 13.1 Armour
 + Level 11.4 Dodging
 + Level 11.4 Stealth
 + Level 13.1 Shields
 + Level 11.4 Unarmed Combat
 + Level 11.4 Spellcasting
 + Level 9.6 Conjurations
 + Level 9.6 Hexes
 + Level 9.6 Summonings
 + Level 9.6 Necromancy
 + Level 9.6 Translocations
 + Level 9.6 Transmutations
 + Level 9.6 Fire Magic
 + Level 9.6 Ice Magic
 + Level 9.6 Air Magic
 + Level 9.6 Earth Magic
 + Level 9.6 Poison Magic
 + Level 12.4 Invocations
 + Level 11.4 Evocations


You had 9 spell levels left.
You knew the following spells:

 Your Spells              Type           Power      Damage    Failure   Level
a - Searing Ray           Conj           34%        2d5       1%          2
b - Stone Arrow           Conj/Erth      34%        3d9       1%          3
c - Petrify               Tmut/Erth      17%        N/A       4%          4
d - Flame Wave            Conj/Fire      17%        2d7       4%          4
e - Silence               Hex/Air        8%         N/A       12%         5
f - Irradiate             Conj/Tmut      8%         3d14      12%         5
g - Lightning Bolt        Conj/Air       8%         1d21      12%         5

Your spell library contained the following spells:

 Spells                   Type           Power      Damage    Failure   Level
 Foxfire                  Conj/Fire      68%        2x1d7     1%          1
 Magic Dart               Conj           68%        1d6       1%          1
 Necrotise                Necr           68%        1d7       1%          1
 Sandblast                Erth           34%        2d9       1%          1
 Slow                     Hex            68%        N/A       1%          1
 Passwall                 Tmut/Erth      14%        N/A       1%          2
 Poisonous Vapours        Pois/Air       34%        N/A       1%          2
 Static Discharge         Conj/Air       17%        3-6/arc   1%          2
 Sublimation of Blood     Necr           17%        N/A       1%          2
 Confusing Touch          Hex            17%        N/A       1%          3
 Conjure Flame            Conj/Fire      17%        6-21      1%          3
 Dazzling Flash           Conj/Hex       34%        N/A       1%          3
 Inner Flame              Hex/Fire       17%        N/A       1%          3
 Mephitic Cloud           Conj/Pois/Air  17%        N/A       1%          3
 Vampiric Draining        Necr           17%        2d7       1%          3
 Corpse Rot               Necr/Pois/Air  17%        N/A       4%          4
 Fulminant Prism          Conj/Hex       8%         3d7       4%          4
 Hailstorm                Conj/Ice       26%        3d7       4%          4
 Ice Form                 Ice/Tmut       26%        N/A       4%          4
 Agony                    Necr           17%        N/A       12%         5
 Iskenderun's Battlesphe  Conj           17%        2d7       12%         5
 Iron Shot                Conj/Erth      8%         9d3       54%         6
 Lehudib's Crystal Spear  Conj/Erth      8%         10d4      100%        8
 Maxwell's Capacitive Co  Air            8%         ∞         100%        8
 Call Imp                 Summ           Unusable   N/A       N/A         2
 Animate Armour           Summ/Erth      Unusable   N/A       N/A         4
 Simulacrum               Ice/Necr       Unusable   N/A       N/A         6
 Spellforged Servitor     Conj/Summ      Unusable   N/A       N/A         7

Dungeon Overview and Level Annotations

Branches:
Dungeon (14/15)            Temple (1/1) D:6            Lair (5/5) D:11
 Shoals (0/4) Lair:2        Snake (0/4) Lair:3        Slime (0/5) Lair:5
    Orc (2/2) D:12            Elf (0/3) Orc:2        Vaults (0/5) D:13
  IceCv (1/1)

Altars:
Ashenzari
Cheibriados
Dithmenos
Elyvilon
Fedhas
Hepliaklqana
Kikubaaqudgha
Nemelex Xobeh
Okawaru
Qazlal
Ru
Sif Muna
Trog
Uskayaw
Vehumet
Wu Jian
Xom
Zin
Jiyva

Shops:
D:1 [((!   D:3 *?   D:6 =   Orc:2 =*!(

Annotations:
D:4 3 runed translucent doors, Lynora's ghost, amateur DgCj IceCv exclusion: orange crystal statue


Innate Abilities, Weirdness & Mutations

You have very sharp teeth.
Your uncanny sense of smell can sniff out nearby items.
Your experience applies equally to all skills.
You occasionally shout uncontrollably at your foes.


Message History

You bite the ice dragon, but do no damage.
The ice dragon is almost dead.
You block the ice dragon's attack.
The ice dragon claws you but does no damage.
You block the ice dragon's attack.
You slash the ice dragon! You burn the ice dragon.
The ice dragon is almost dead.
You slash the ice dragon! You burn the ice dragon.
You kill the ice dragon!
The ice dragon's corpse dissolves into shadows!
You flicker for a moment.
You start resting.
You flicker back into view.
A golden dragon simulacrum comes into view.
A golden dragon simulacrum is nearby!
A golden dragon simulacrum comes into view.
You hit the golden dragon simulacrum but do no damage.
The golden dragon simulacrum barely misses you.
The golden dragon simulacrum claws you!
The golden dragon simulacrum freezes you!
You resist.
The golden dragon simulacrum closely misses you.
The golden dragon simulacrum bites you!
The golden dragon simulacrum freezes you!
You resist.
* * * LOW HITPOINT WARNING * * *
The golden dragon simulacrum claws you.
* * * LOW HITPOINT WARNING * * *
The golden dragon simulacrum freezes you!
You resist.
* * * LOW HITPOINT WARNING * * *
The golden dragon simulacrum tramples you but does no damage.
Unknown command.
Okay, then.
You feel drained.
You fail to use your ability.
The golden dragon simulacrum closely misses you.
The golden dragon simulacrum claws you but does no damage.
You block the golden dragon simulacrum's attack.
The golden dragon simulacrum bites you!
You die...

### #..## #....##
##......# #### ##........
##..## #### #8Z.......
##....#####..####D.......
#.......##..[.##.........
#.∩.∩...@Z..#..D.........
#........Z.###...........
##....##..## ###.........
##..###### ##........
#### ........# #.......#
##.....## .....#


You could see 2 golden dragon simulacra.

Vanquished Creatures
  Gastronok (Lair:2)
  The ghost of groovy9 the Brawler, a journeyman TrFi of Wu Jian (Orc:1)
  The ghost of mdonais the Arsonist, a journeyman OpCA of Ignis (Orc:2)
  2 white draconians (IceCv)
  2 ettins
  Josephine (Orc:2)
  A great orb of eyes (D:13)
  A rakshasa (D:13)
  Fannar (D:11)
  5 hydras
  A death knight (D:13)
  An ogre mage (D:12)
  A boulder beetle (D:14)
  3 catoblepae (Lair:5)
  6 two-headed ogres
  2 centaur warriors (D:13)
  A deep troll shaman (Lair:5)
  14 death yaks
  An orc high priest (Orc:2)
  A deep elf knight (D:13)
  14 skeletal warriors
  Lodul (D:12)
  A deep elf archer (D:13)
  A deep elf zephyrmancer (D:13)
  3 deep elf pyromancers (D:13)
  2 lindwurms
  Pikel (D:5)
  A necromancer (D:13)
  8 orc knights (Orc:2)
  5 orc sorcerers
  8 ugly things
  6 manticores
  27 elephants
  2 cyclopes
  An elephant (shapeshifter) (D:12)
  4 black mambas
  Maurice (D:12)
  Joseph (D:8)
  2 torpor snails
  10 cane toads
  2 gargoyles
  2 unseen horrors
  4 centaur skeletons (D:13)
  7 komodo dragons
  A rime drake (Lair:5)
  A tengu conjurer (D:12)
  2 kobold demonologists
  A freezing wraith (D:12)
  An efreet (D:13)
  2 golden dragon simulacra (IceCv)
  A meliai (shapeshifter) (D:13)
  3 meliai (Lair:4)
  Grinder (D:5)
  A queen bee (Lair:4)
  11 trolls
  A polar bear (Lair:5)
  5 saltlings (Orc:2)
  17 blink frogs
  4 dream sheep (Lair:3)
  8 slime creatures
  A jumping spider (shapeshifter) (D:13)
  Sigmund (D:4)
  68 yaks
  2 shadows
  7 wraiths
  5 wyverns
  3 basilisks
  Menkaure (D:5)
  14 vampire mosquitoes
  6 wargs
  2 acid dragons
  11 water moccasins
  2 ice beasts
  25 orc warriors
  3 sky beasts
  6 black bears
  2 boggarts (D:13)
  6 centaurs
  34 wolves
  21 ogres
  2 kobold brigands (D:13)
  10 bullfrogs
  3 necrophages
  8 scorpions
  4 wights (D:7)
  4 lindwurm simulacra (IceCv)
  33 killer bees
  4 howler monkeys
  4 electric eels
  3 quasits (D:4)
  2 jellies
  21 orc priests
  4 hounds
  2 iguanas
  25 orc wizards
  5 hell rats (Lair:4)
  6 adders
  9 gnolls
  2 shadow imps
  5 white imps
  2 ufetubi
  A dart slug (D:2)
  104 orcs
  5 endoplasms
  3 giant cockroaches
  7 goblins
  11 hobgoblins
  10 jackals
  14 kobolds
  3 quokkas
  9 ball pythons
  4 bats
  2 frilled lizards
  A rat (D:1)
773 creatures vanquished.

Vanquished Creatures (others)
  An ogre (D:12)
  A wolf (Lair:5)
  10 demonic plants (D:4)
  81 fungi
  106 plants
199 creatures vanquished.

Grand Total: 972 creatures vanquished

Notes
Turn   | Place    | Note
-------+----------+-------------------------------------------
     0 | D:1      | Renzlar the Gnoll Fighter began the quest for the Orb.
     0 | D:1      | Reached XP level 1. HP: 23/23 MP: 1/1
    84 | D:1      | Found Piap's Distillery.
   255 | D:1      | Reached XP level 2. HP: 29/29 MP: 2/2
   347 | D:1      | Found Eterye's Weapon Boutique.
   564 | D:1      | Found Hevaileu's Distillery.
   769 | D:1      | Found Xupnemi's Weapon Boutique.
   937 | D:1      | Found Citzog's Armour Boutique.
  1050 | D:2      | Reached XP level 3. HP: 27/35 MP: 3/3
  1153 | D:2      | Reached skill level 1 in Invocations
  1155 | D:2      | Reached skill level 1 in Short Blades
  1155 | D:2      | Reached skill level 1 in Long Blades
  1155 | D:2      | Reached skill level 1 in Maces & Flails
  1155 | D:2      | Reached skill level 1 in Polearms
  1155 | D:2      | Reached skill level 1 in Staves
  1155 | D:2      | Reached skill level 1 in Ranged Weapons
  1155 | D:2      | Reached skill level 1 in Throwing
  1155 | D:2      | Reached skill level 1 in Dodging
  1155 | D:2      | Reached skill level 1 in Stealth
  1155 | D:2      | Reached skill level 1 in Unarmed Combat
  1155 | D:2      | Reached skill level 1 in Spellcasting
  1155 | D:2      | Reached skill level 1 in Evocations
  1329 | D:2      | Reached XP level 4. HP: 39/41 MP: 5/5
  1368 | D:2      | Reached skill level 1 in Conjurations
  1368 | D:2      | Reached skill level 1 in Hexes
  1368 | D:2      | Reached skill level 1 in Summonings
  1368 | D:2      | Reached skill level 1 in Necromancy
  1368 | D:2      | Reached skill level 1 in Translocations
  1368 | D:2      | Reached skill level 1 in Transmutations
  1368 | D:2      | Reached skill level 1 in Fire Magic
  1368 | D:2      | Reached skill level 1 in Ice Magic
  1368 | D:2      | Reached skill level 1 in Air Magic
  1368 | D:2      | Reached skill level 1 in Earth Magic
  1368 | D:2      | Reached skill level 1 in Poison Magic
  1668 | D:2      | Found a faded altar of an unknown god.
  1851 | D:3      | Found Kapow's Magic Scroll Shop.
  1851 | D:3      | Noticed a black bear
  1874 | D:2      | Killed a black bear
  1875 | D:2      | Reached XP level 5. HP: 14/47 MP: 5/7
  2197 | D:3      | Reached XP level 6. HP: 51/53 MP: 8/8
  2470 | D:3      | Reached skill level 5 in Axes
  2571 | D:3      | Found Zin's Purification Station.
  2576 | D:3      | Found a glowing silver altar of Zin.
  3110 | D:3      | Found a white marble altar of Elyvilon.
  3485 | D:4      | Noticed Sigmund
  3494 | D:4      | Killed Sigmund
  3495 | D:4      | Reached XP level 7. HP: 45/60 MP: 10/10
  3852 | D:4      | Found a runed translucent gate.
  3853 | D:4      | Found a runed translucent gate.
  3854 | D:4      | Found a runed translucent gate.
  3868 | D:4      | Noticed Lynora's ghost (amateur DgCj)
  4681 | D:5      | Entered Level 5 of the Dungeon
  4756 | D:5      | Noticed Menkaure
  4757 | D:5      | Reached XP level 8. HP: 66/67 MP: 12/12
  4774 | D:5      | Killed Menkaure
  5042 | D:5      | Learned a level 2 spell: Searing Ray
  5379 | D:5      | You fall into a shaft and drop 2 floors!
  5967 | D:6      | Reached XP level 9. HP: 68/73 MP: 14/14
  5979 | D:6      | Learned a level 3 spell: Stone Arrow
  6102 | D:6      | Found a stormy altar of Qazlal.
  6391 | D:6      | Found Huupt's Jewellery Boutique.
  6415 | D:5      | Noticed Pikel
  6423 | D:5      | Killed Pikel
  6424 | D:5      | Reached skill level 5 in Invocations
  6807 | D:5      | Noticed Grinder
  6821 | D:5      | Killed Grinder
  7189 | D:6      | Found a staircase to the Ecumenical Temple.
  7194 | Temple   | Entered the Ecumenical Temple
  7215 | Temple   | Became a worshipper of Warmaster Okawaru
  7493 | D:7      | Reached skill level 5 in Short Blades
  7493 | D:7      | Reached skill level 5 in Long Blades
  7493 | D:7      | Reached skill level 5 in Maces & Flails
  7493 | D:7      | Reached skill level 5 in Polearms
  7493 | D:7      | Reached skill level 5 in Staves
  7493 | D:7      | Reached skill level 5 in Ranged Weapons
  7493 | D:7      | Reached skill level 5 in Throwing
  7493 | D:7      | Reached skill level 5 in Dodging
  7493 | D:7      | Reached skill level 5 in Stealth
  7493 | D:7      | Reached skill level 5 in Unarmed Combat
  7493 | D:7      | Reached skill level 5 in Spellcasting
  7493 | D:7      | Reached skill level 5 in Evocations
  7493 | D:7      | Reached XP level 10. HP: 73/81 MP: 17/17
  8671 | D:8      | Identified the +3 mace of Inquiry {protect, Will++}
  8807 | D:8      | Reached * piety under Okawaru
  9014 | D:8      | Found a bloodstained altar of Trog.
  9017 | D:8      | Noticed Joseph
  9035 | D:8      | Killed Joseph
  9035 | D:8      | Reached ** piety under Okawaru
  9150 | D:8      | Found a large runed translucent door.
  9156 | D:8      | Found a large runed translucent door.
  9168 | D:8      | Found a sparkling altar of Nemelex Xobeh.
  9306 | D:8      | Found a blossoming altar of Fedhas.
 10558 | D:9      | Reached skill level 5 in Conjurations
 10558 | D:9      | Reached skill level 5 in Hexes
 10558 | D:9      | Reached skill level 5 in Summonings
 10558 | D:9      | Reached skill level 5 in Necromancy
 10558 | D:9      | Reached skill level 5 in Translocations
 10558 | D:9      | Reached skill level 5 in Transmutations
 10558 | D:9      | Reached skill level 5 in Fire Magic
 10558 | D:9      | Reached skill level 5 in Ice Magic
 10558 | D:9      | Reached skill level 5 in Air Magic
 10558 | D:9      | Reached skill level 5 in Earth Magic
 10558 | D:9      | Reached skill level 5 in Poison Magic
 10737 | D:9      | Reached XP level 11. HP: 58/89 MP: 20/20
 10926 | D:9      | Found a radiant altar of Vehumet.
 11272 | D:10     | Entered Level 10 of the Dungeon
 11331 | D:10     | Reached *** piety under Okawaru
 11795 | D:3      | Bought a scroll of acquirement for 676 gold pieces
 11796 | D:3      | Acquired 828 gold pieces
 11871 | D:1      | Bought the +7 flail of Hacking and Slashing {venom, rN+
                  | Will+} for 784 gold pieces
 12411 | D:10     | Found a shimmering blue altar of Sif Muna.
 12960 | D:10     | Received a gift from Okawaru
 13240 | D:10     | Noticed a two-headed ogre
 13251 | D:10     | Killed a two-headed ogre
 13741 | D:10     | Reached **** piety under Okawaru
 14013 | D:10     | Upgraded the game from 0.29.0-15-g675c0067aa to 0.29.1
 14110 | D:11     | Noticed a two-headed ogre
 14120 | D:11     | Killed a two-headed ogre
 14556 | D:11     | Noticed Fannar
 14586 | D:11     | Killed Fannar
 14586 | D:11     | Reached ***** piety under Okawaru
 14765 | D:11     | Learned a level 4 spell: Petrify
 14782 | D:11     | Reached XP level 12. HP: 73/97 MP: 22/22
 15399 | D:11     | Found a staircase to the Lair.
 15677 | Lair:1   | Entered Level 1 of the Lair of Beasts
 15895 | Lair:1   | Identified the +0 robe "Naxzem" {rPois Regen+ rCorr Slay-6}
                  | (Okawaru gifted it to you on level 1 of the Lair of Beasts)
 15895 | Lair:1   | Received a gift from Okawaru
 15896 | Lair:1   | Reached skill level 10 in Fighting
 15896 | Lair:1   | Reached skill level 10 in Armour
 15896 | Lair:1   | Reached skill level 10 in Shields
 16376 | Lair:1   | Learned a level 4 spell: Flame Wave
 16555 | Lair:1   | Identified the +3 war axe "Tahemp" {venom, Dex+2}
 17151 | Lair:2   | Noticed Gastronok
 17376 | Lair:2   | HP: 3/97 [Gastronok/the air (21)]
 17379 | Lair:2   | Killed Gastronok
 17665 | Lair:1   | Learned a level 5 spell: Silence
 18195 | Lair:2   | Reached XP level 13. HP: 18/104 MP: 23/25
 18623 | Lair:2   | Found a staircase to the Shoals.
 19670 | Lair:3   | Identified the +1 cloak "Ipleocw" {+Inv rF++} (Okawaru
                  | gifted it to you on level 3 of the Lair of Beasts)
 19670 | Lair:3   | Received a gift from Okawaru
 19979 | Lair:3   | Found a staircase to the Snake Pit.
 19983 | Lair:3   | You fall into a shaft and drop 1 floor!
 20024 | Lair:4   | Reached ****** piety under Okawaru
 20688 | Lair:3   | Reached skill level 10 in Axes
 21445 | Lair:3   | Learned a level 5 spell: Irradiate
 21451 | Lair:3   | Learned a level 5 spell: Lightning Bolt
 21643 | Lair:4   | Acquired a +2 buckler of protection
 21923 | Lair:4   | Received a gift from Okawaru
 21928 | Lair:4   | Reached XP level 14. HP: 109/113 MP: 27/27
 21933 | Lair:4   | Reached skill level 10 in Invocations
 23183 | Lair:5   | Entered Level 5 of the Lair of Beasts
 24301 | Lair:5   | Found a viscous altar of Jiyva.
 24301 | Lair:5   | Found a staircase to the Slime Pits.
 24328 | Lair:5   | Received a gift from Okawaru
 24571 | Lair:5   | Identified the +2 pair of gloves "Vockutec" {*Slow rPois
                  | Regen+ Int-5} (Okawaru gifted it to you on level 5 of the
                  | Lair of Beasts)
 24571 | Lair:5   | Received a gift from Okawaru
 24896 | Lair:5   | Reached skill level 10 in Short Blades
 24896 | Lair:5   | Reached skill level 10 in Long Blades
 24896 | Lair:5   | Reached skill level 10 in Maces & Flails
 24896 | Lair:5   | Reached skill level 10 in Polearms
 24896 | Lair:5   | Reached skill level 10 in Staves
 24896 | Lair:5   | Reached skill level 10 in Ranged Weapons
 24896 | Lair:5   | Reached skill level 10 in Throwing
 24896 | Lair:5   | Reached skill level 10 in Dodging
 24896 | Lair:5   | Reached skill level 10 in Stealth
 24896 | Lair:5   | Reached skill level 10 in Unarmed Combat
 24896 | Lair:5   | Reached skill level 10 in Spellcasting
 24896 | Lair:5   | Reached skill level 10 in Evocations
 25323 | Lair:5   | Reached XP level 15. HP: 113/120 MP: 23/29
 26231 | D:12     | Noticed Maurice
 26249 | D:12     | Killed Maurice
 26749 | D:12     | Noticed Lodul
 26769 | D:12     | Killed Lodul
 26872 | D:12     | Found a staircase to the Orcish Mines.
 27289 | D:12     | Received a gift from Okawaru
 27475 | Orc:1    | Entered Level 1 of the Orcish Mines
 27615 | Orc:1    | Found a runed translucent door.
 27616 | Orc:1    | Noticed groovy9's ghost (journeyman TrFi)
 27636 | Orc:1    | Killed groovy9's ghost
 27639 | Orc:1    | Identified the amulet of Rumuxape {RegenMP rElec rC+}
 27771 | Orc:2    | Entered Level 2 of the Orcish Mines
 27778 | Orc:2    | Found a transporter.
 27778 | Orc:2    | Noticed mdonais's ghost (journeyman OpCA)
 27780 | Orc:2    | Found a transporter.
 27875 | Orc:2    | Killed mdonais's ghost
 28045 | Orc:2    | Identified the +10 great mace of Shame {elec, Int+5 Dex+3
                  | Stlth+} (Okawaru gifted it to you on level 2 of the Orcish
                  | Mines)
 28045 | Orc:2    | Received a gift from Okawaru
 28168 | Orc:2    | Found Moxeaf's Weapon Shop.
 28242 | Orc:2    | Found Irgho's Distillery.
 28342 | Orc:2    | Found a staircase to the Elven Halls.
 28343 | Orc:2    | Noticed Josephine
 28366 | Orc:2    | Killed Josephine
 28641 | Orc:1    | Received a gift from Okawaru
 29062 | Orc:2    | Found Bal Zafa's Jewellery Shoppe.
 29094 | Orc:2    | Found Huluofo's General Store.
 29510 | Orc:2    | Bought the +9 hand axe "Beetlebane" {vorpal, Contam rN+++
                  | rCorr SInv} for 1225 gold pieces
 29731 | D:13     | Identified the +0 helmet of Vexation {Drain Regen+ rCorr
                  | Int+2} (Okawaru gifted it to you on level 13 of the
                  | Dungeon)
 29731 | D:13     | Received a gift from Okawaru
 29750 | D:13     | Gained mutation: You occasionally shout uncontrollably at
                  | your foes. [mutagenic glow]
 29792 | D:13     | Identified the +12 long sword "Xes Opri" {flame, *Noise
                  | rPois Str+4 Stlth+}
 30013 | D:13     | Reached XP level 16. HP: 98/129 MP: 30/30
 31238 | D:13     | Found a gate to the Vaults.
 31786 | D:13     | Received a gift from Okawaru
 31944 | D:14     | Found a frozen archway.
 31976 | IceCv    | Entered an ice cave
 32305 | IceCv    | HP: 1/118 [golden dragon simulacrum (17)]
 32306 | IceCv    | Mangled by a golden dragon simulacrum

Illustrated notes

Levels and vault maps discovered:
D:1:      wander_arrival_fairy_ring, layout_loops_ring, serial_shops,
          nicolae_diamond_shop, shop, nicolae_lakefront_shop, shop, shop
D:2:      layout_basic, dreamdust_ecumenical_altar_angels_and_demons
D:3:      layout_loops_corners, marbit_many_paths, zin_purify, serial_shops,
          shop, kennysheep_generic_room_15
D:4:      layout_loops_ring, serial_demonic, serial_demonic_f, serial_demonic_b,
          serial_demonic_e, serial_demonic_d, serial_demonic_e,
          serial_demonic_b, serial_demonic_c, gammafunk_ghost_split,
          minivault_27, uniq_sigmund
D:5:      layout_basic, grunt_ministairs_3, uniq_menkaure, uniq_pikel,
          uniq_grinder
D:6:      layout_cave_pools, nicolae_qazlal_eye_of_the_storm, temple_doors_cd,
          serial_shops, nicolae_shop_hallway_stairs
D:7:      layout_layer_cave, serial_bayou_ford_a
D:8:      layout_basic, jmf_multi_god_temple2, overflow_temple_1_default,
          uniq_joseph
D:9:      layout_loops_ring, nicolae_vehumet_altar_sigil, special_room
          [special_room_orc]
D:10:     layout_stronghold, mainiacjoe_overflow_alcove_1
D:11:     layout_roguey, due_lair_maze_entry_diamond, uniq_fannar
D:12:     layout_basic, david_orc_1_choice, serial_glass, glass_columns_a,
          glass_columns_a, uniq_maurice, uniq_lodul
D:13:     minmay_crescents, layout_long_grid,
          hangedman_vaults_entry_quadrant_bands
D:14:     layout_roguey, serial_glass, glass_columns_a, glass_columns_c,
          portal_ice_cave_entry_pillars_1, nemelex_spade_bored_becter,
          xom_confusion_cloud
Temple:   eino_narrow_crystal_temple
Lair:1:   layout_cave_pods
Lair:2:   layout_hall_layers, elwin_shoals_entry_rooms,
          nicolae_volcano_entry_vermiform, grunt_megastairs_1, uniq_gastronok
Lair:3:   layout_gridlike, dummy_snake_entry, serial_bayou_shore_b
Lair:4:   beast_lair_carwin_large_3, layout_hall_layers, special_room
          [special_room_bee]
Lair:5:   grunt_lair_end_beastmaster, layout_regular_city, slime_entry_1,
          minmay_stone_trees_medium
Orc:1:    layout_caves, gammafunk_ghost_grave, david_defended_altar_orc
Orc:2:    hellmonk_orc_salted, layout_caves, gammafunk_ghost_arena,
          nicolae_orc_damp_corner, uniq_josephine
IceCv:    ice_cave_small_dragons

Skill      XL: |  1  2  3  4  5  6  7  8  9 10 11 12 13 14 15 16 |
---------------+-------------------------------------------------+-----
Invocations    | 1 2 3 4 5 6 7 8 9 10 11 12 | 12.4
Short Blades   | 1 2 3 5 6 7 8 9 10 11 | 11.4
Long Blades    | 1 2 3 5 6 7 8 9 10 11 | 11.4
Maces & Flails | 1 2 3 5 6 7 8 9 10 11 | 11.4
Polearms       | 1 2 3 5 6 7 8 9 10 11 | 11.4
Staves         | 1 2 3 5 6 7 8 9 10 11 | 11.4
Ranged Weapons | 1 2 3 5 6 7 8 9 10 11 | 11.4
Throwing       | 1 2 3 5 6 7 8 9 10 11 | 11.4
Dodging        | 1 2 3 5 6 7 8 9 10 11 | 11.4
Stealth        | 1 2 3 5 6 7 8 9 10 11 | 11.4
Unarmed Combat | 1 2 3 5 6 7 8 9 10 11 | 11.4
Spellcasting   | 1 2 3 5 6 7 8 9 10 11 | 11.4
Evocations     | 1 2 3 5 6 7 8 9 10 11 | 11.4
Conjurations   | 1 2 3 4 5 6 7 8 9 |  9.6
Hexes          | 1 2 3 4 5 6 7 8 9 |  9.6
Summonings     | 1 2 3 4 5 6 7 8 9 |  9.6
Necromancy     | 1 2 3 4 5 6 7 8 9 |  9.6
Translocations | 1 2 3 4 5 6 7 8 9 |  9.6
Transmutations | 1 2 3 4 5 6 7 8 9 |  9.6
Fire Magic     | 1 2 3 4 5 6 7 8 9 |  9.6
Ice Magic      | 1 2 3 4 5 6 7 8 9 |  9.6
Air Magic      | 1 2 3 4 5 6 7 8 9 |  9.6
Earth Magic    | 1 2 3 4 5 6 7 8 9 |  9.6
Poison Magic   | 1 2 3 4 5 6 7 8 9 |  9.6
Axes           | 5 6 7 8 9 10 11 12 | 12.3
Fighting       | 7 8 9 10 11 12 13 | 13.1
Armour         | 7 8 9 10 11 12 13 | 13.1
Shields        | 7 8 9 10 11 12 13 | 13.1

Action                   |  1- 3 |  4- 6 |  7- 9 | 10-12 | 13-15 | 16-18 || total
-------------------------+-------+-------+-------+-------+-------+-------++-------
Melee: War axe           |    93 |   145 |   217 |   344 |   667 |       ||  1466
       Bite              |    11 |    12 |    24 |    87 |   204 |    71 ||   409
       Mace              |       |       |       |    60 |       |       ||    60
       Dagger            |       |       |       |     6 |    71 |    12 ||    89
       Flail             |       |       |       |   307 |   402 |   270 ||   979
       Hand axe          |       |       |       |    36 |    15 |       ||    51
       Long sword        |       |       |       |       |       |   164 ||   164
       Sling             |       |       |       |       |       |     1 ||     1
 Fire: Sling             |       |    26 |   101 |   281 |   276 |    27 ||   711
Throw: Dart              |       |       |     3 |     9 |     2 |       ||    14
       Throwing net      |       |       |       |       |       |     1 ||     1
 Cast: Searing Ray       |       |       |     6 |     4 |       |       ||    10
       Stone Arrow       |       |       |     4 |    29 |    15 |       ||    48
       Petrify           |       |       |       |     4 |    73 |     6 ||    83
       Irradiate         |       |       |       |       |    16 |       ||    16
       Flame Wave        |       |       |       |       |     2 |     1 ||     3
       Lightning Bolt    |       |       |       |       |     7 |     1 ||     8
       Silence           |       |       |       |       |     1 |       ||     1
Invok: Heroism           |       |       |       |     3 |     9 |     4 ||    16
 Abil: Evoke Invisibilit |       |       |       |       |     3 |     1 ||     4
  Use: Scroll            |     5 |     3 |     9 |    10 |     5 |     3 ||    35
       Potion            |       |     2 |     2 |     2 |     4 |     3 ||    13
 Stab: Sleeping          |       |       |       |     2 |     9 |     1 ||    12
       Petrified         |       |       |       |     5 |    54 |     2 ||    61
       Petrifying        |       |       |       |       |    17 |     4 ||    21
       Invisible         |       |       |       |       |    17 |     2 ||    19
       Distracted        |       |       |       |       |     1 |     1 ||     2
Armor: Scale mail        |    40 |    82 |   155 |   294 |       |       ||   571
       Ring mail         |       |       |       |    68 |   431 |   214 ||   713
Dodge: Dodged            |    30 |    83 |   140 |   425 |   696 |   250 ||  1624
Block: Buckler           |    20 |    56 |    65 |   222 |   456 |   168 ||   987
